cohdb
Replays
Latest Replays
All Replays
Popular Replays
Top Player Replays
Match Explorer
How It Works
Community
CoH3 Stats
Reddit
Sign in to upload your games and track your stats! →
Sign in with Steam
Bishop is pretty good turns out
Match 15419092
Overview
Messages
Build Orders
End
Construct Weapon Support Center
Selects Airborne Battlegroup
Selects Pathfinders
Pathfinder Squad
M1919 Machine Gun Team
M1919 Machine Gun Team
Bazooka Squad
Mechanized Support Center
Selects Paratrooper Squad Paradrop
Paratrooper Squad Paradrop
Paratrooper Squad Paradrop
Selects Anti-tank Gun Team Paradrop
Anti-tank Gun Team Paradrop
Construct Tank Depot
Construct Tank Depot
M4A1 Sherman Medium Tank
Selects Recon Loiter
Anti-tank Gun Team Paradrop
Recon Loiter
Engineer Squad
M4A1 Sherman Medium Tank
Recon Loiter
Improvised Armor
Smoke Shells
Selects Paradrop Reinforcements
Construct Barracks
Recon Loiter
M1 Mortar Team
Anti-tank Gun Team Paradrop
Recon Loiter
M16 Multiple Gun Motor Carriage
M4A1 Sherman Medium Tank
Selects Carpet Bombing Run
Recon Loiter
Carpet Bombing Run
Engineer Squad
Recon Loiter
M18 Hellcat Tank Destroyer
Engineer Squad
Recon Loiter
M4A1 Sherman Medium Tank
Recon Loiter
Recon Loiter
NickTamAir [Goat Company]
oki
longyouaak
hybroq
0
0
Comments
sign in to comment!
No comments posted yet!